AoeStats
← DmB

Arabian Desert

510075310Analyzed
1v1 RM · 4d ago on Sep 29, 2026· 28m 18s· 2 players
Game mode
Random Map
Map size
Tiny (2 player)
Population
200
Speed
Normal
Resources
Standard
Victory
Conquest
Starting age
Dark Age
Ending age
Imperial Age
RankedLock teamsTeams togetherTeam positionsShared explorationLock speedFull tech treeHidden civsTurbo modeCheats
Victory
Defeat
🇦🇷 Byzantines · Argentina
853
+16
🇬🇧 Varangians · United Kingdom
852
-16
Farmer Iain
8:38 Loom
10:23 Feudal Age
11:19 Double-Bit Axe
20:04 Castle Age
19:44 Bloodlines
19:35 Gold Mining
19:33 Horse Collar
27:49 Scale Barding Armor
DmB
8:09 Loom
9:57 Feudal Age
11:00 Double-Bit Axe
12:07 Horse Collar
16:41 Gold Mining
16:58 Fletching
20:59 Castle Age
20:37 Padded Archer Armor
21:35 Crossbowman
22:23 Thumb Ring
23:15 Bow Saw
27:09 Heavy Plow
28:28 Bodkin Arrow
28:45 Forging
Connection lost

Rejoining the realm…

Still unreachable

The connection could not be restored.

Session expired

The server has moved on; the page needs a fresh start.